 Dungeon Crawl Stone Soup version 0.26-a0-651-gb41185065b (webtiles) character file.

Game seed: 1457126745589919581

389 tilp the Sneak (level 6, -2/28 HPs)
             Began as a Spriggan Enchanter on Oct 24, 2020.
             Slain by an ogre
             ... wielding a +0 giant club
              (21 damage)
             ... on level 4 of the Dungeon.
             The game lasted 00:07:19 (6331 turns).

tilp the Sneak (Spriggan Enchanter)                 Turns: 6331, Time: 00:07:20

Health: -2/28      AC:  4    Str:  4    XL:     6   Next: 49%
Magic:  8/11       EV: 18    Int: 19    God:
Gold:   184        SH:  0    Dex: 16    Spells: 4/10 levels left

rFire    . . .     SeeInvis +   a - +1 dagger
rCold    . . .     Faith    .   (shield restricted)
rNeg     . . .     Spirit   .   b - +0 robe
rPois    .         Reflect  .   (helmet restricted)
rElec    .         Harm     .   n - +1 cloak
rCorr    .         Rampage  .   (gloves unavailable)
MR       +....                  (boots unavailable)
Stlth    ++++......             (no amulet)
HPRegen  0.09/turn              (no ring)
MPRegen  0.12/turn              (no ring)

@: very quick
A: very small, unfitting armour, see invisible, speed 3
a: no special abilities


You were on level 4 of the Dungeon.
You visited 1 branch of the dungeon, and saw 4 of its levels.

You collected 184 gold pieces.

Inventory:

Hand Weapons
 a - a +1 dagger (weapon)
Missiles
 f - 123 stones (quivered)
 h - 2 atropa-tipped darts
 o - 41 poisoned darts
Armour
 b - a +0 robe (worn)
 m - a +0 buckler
 n - a +1 cloak (worn)
Wands
 s - a wand of polymorph (10)
Scrolls
 d - a scroll of remove curse
 g - a scroll of fog {unknown}
 j - a scroll of blinking {unknown}
 k - 2 scrolls of teleportation {unknown}
 r - a scroll of enchant weapon {unknown}
 u - a scroll of random uselessness {unknown}
Potions
 c - a potion of haste
 e - a potion of magic
 i - 2 potions of resistance
 l - a potion of flight
 p - a potion of stabbing
 q - a potion of heal wounds {unknown}
 t - a potion of curing {unknown}


   Skills:
 + Level 4.3 Short Blades
 - Level 3.0 Dodging
 + Level 7.5 Stealth
 * Level 2.5 Shields
 - Level 2.6 Spellcasting
 - Level 3.6 Hexes
 + Level 1.0 Evocations


You had 4 spell levels left.
You knew the following spells:

 Your Spells              Type           Power        Failure   Level
a - Corona                Hex            ###....      3%          1
b - Ensorcelled Hibernat  Hex/Ice        #.....       12%         2
c - Confusing Touch       Hex            ###.....     11%         3

Your spell library contained the following spells:

 Spells                   Type           Power        Failure   Level
 Tukima's Dance           Hex            ###.....     11%         3
 Dazzling Flash           Conj/Hex       #.....       22%         3


Dungeon Overview and Level Annotations

Branches:
Dungeon (4/15)
 Temple: D:4-7

Altars:
Ashenzari
Fedhas
Uskayaw
Vehumet
Xom

Annotations:
D:4 Grinder


Innate Abilities, Weirdness & Mutations

You are very small and have problems with some larger weapons.
You are too small for most types of armour.
You have supernaturally acute eyesight. (SInv)
You cover ground extremely quickly.


Message History

Grinder shouts!
The worker ant twitches its antennae in your direction.
You hear a shout!
An ogre comes into view. It is wielding a +0 giant club.
Found a club.
Casting: Ensorcelled Hibernation (safe; 12% risk of failure)
Confirm with . or Enter, or press ? or * to list all spells.
The spell is quite dangerous to cast (11% risk of failure)!
Continue anyway?
Your hands begin to glow red.
Grinder hits you.
You writhe in agony.
You hit Grinder but do no damage.
Grinder appears confused.
You catch the helpless Grinder completely off-guard!
You impale Grinder!!
Grinder is heavily wounded.
Grinder misses you. The worker ant barely misses you.
You hit Grinder but do no damage.
Grinder is heavily wounded.
The worker ant completely misses you.
The ogre hits you with a +0 giant club!!
Ouch! That really hurt!
You die...

#...##..# ... .
###.....# ##....
#. ###...##.#....
...# #........>...
.....#...#......#
........##......#
.....##.##......#
....##...#..?.....
#... ##@.a....$...
.. #O5#.....#..#
....#.....#..#
...##.##...## ##
###. ... ...# .
#.. #.## . ... )#
## ....


You could see Grinder (confused), an ogre and a worker ant.

Vanquished Creatures
  3 orc priests
  3 orc wizards
  Crazy Yiuf (D:3)
  Jessica (D:3)
  Terence (D:3)
  3 adders (D:2)
  An ooze (D:3)
  4 worms
  3 dart slugs
  7 leopard geckos
  8 orcs
  A ball python (D:2)
  5 bats
  2 giant cockroaches (D:1)
  12 goblins
  4 hobgoblins
  12 jackals
  7 kobolds
  2 frilled lizards
  7 rats
87 creatures vanquished.

Vanquished Creatures (others)
  2 plants (D:3)
2 creatures vanquished.

Grand Total: 89 creatures vanquished

Notes
Turn   | Place    | Note
-------+----------+-------------------------------------------
     0 | D:1      | tilp the Spriggan Enchanter began the quest for the Orb.
     0 | D:1      | Reached XP level 1. HP: 9/9 MP: 5/5
   470 | D:1      | Reached XP level 2. HP: 3/13 MP: 4/6
   699 | D:1      | Learned a level 2 spell: Ensorcelled Hibernation
   723 | D:1      | Reached skill level 5 in Stealth
  1806 | D:1      | Reached XP level 3. HP: 16/16 MP: 8/8
  1811 | D:1      | Learned a level 3 spell: Confusing Touch
  2970 | D:2      | Found a radiant altar of Vehumet.
  2971 | D:2      | Found a hide-covered altar of Uskayaw.
  2971 | D:2      | Found a shimmering altar of Xom.
  3029 | D:2      | Reached skill level 6 in Stealth
  3318 | D:2      | Found a broken altar of Ashenzari.
  3330 | D:2      | Reached XP level 4. HP: 20/21 MP: 9/9
  4749 | D:3      | Found a blossoming altar of Fedhas.
  4799 | D:3      | Reached skill level 1 in Shields
  4812 | D:3      | Reached XP level 5. HP: 12/24 MP: 0/10
  5007 | D:3      | Found a runed translucent door.
  5008 | D:3      | Noticed Crazy Yiuf
  5090 | D:3      | Killed Crazy Yiuf
  5535 | D:3      | Noticed Terence
  5543 | D:3      | Killed Terence
  5543 | D:3      | Reached skill level 7 in Stealth
  5555 | D:3      | Noticed Jessica
  5565 | D:3      | Killed Jessica
  5716 | D:3      | Reached XP level 6. HP: 28/28 MP: 5/11
  6225 | D:4      | Reached skill level 1 in Evocations
  6321 | D:4      | Noticed Grinder
  6331 | D:4      | Slain by an ogre

Illustrated notes

Levels and vault maps discovered:
D:1:      psy_arrival_basics, layout_basic
D:2:      layout_basic, chequers_temple_overflow_statue_of_worship
D:3:      cheibrodos_old_hovel, layout_basic, overflow_temple_1_default,
          bh_walls_and_bars, uniq_terence, uniq_crazy_yiuf_cottage, uniq_jessica
D:4:      layout_cave_pools, marbit_many_paths, serial_shops,
          nicolae_shop_statue_plus, minmay_misc_feat_chi, minmay_unequal,
          uniq_grinder

Skill      XL: |  1  2  3  4  5  6 |
---------------+-------------------+-----
Stealth        | 5 6 7 |  7.5
Short Blades   | 2 3 4 |  4.3
Shields        | 1 2 |  2.5
Evocations     | 1 |  1.0
Dodging        | |  3.0
Spellcasting   | |  2.6
Hexes          | |  3.6

Action                   |  1- 3 |  4- 6 || total
-------------------------+-------+-------++-------
Melee: Dagger            |   155 |   139 ||   294
 Cast: Corona            |     3 |       ||     3
       Ensorcelled Hiber |    25 |    56 ||    81
       Confusing Touch   |     1 |     2 ||     3
  Use: Scroll            |     2 |     4 ||     6
 Stab: Sleeping          |    19 |    33 ||    52
       Confused          |     1 |     2 ||     3
Armor: Robe              |     6 |    11 ||    17
Dodge: Dodged            |   106 |    97 ||   203

Table legend: (Time is in decaauts)
 A = Elapsed time spent in this place.
 B = Non-inter-level travel time spent in this place.
 C = Inter-level travel time spent in this place.
 D = Time resting spent in this place.
 E = Time spent auto-exploring this place.
 F = Levels seen in this place.
 G = Mean time per level.
                   A        B        C        D        E       F      G
               +--------+--------+--------+--------+--------+-----+--------+
         Total |   5225 |   5151 |     74 |   2524 |   1899 |   4 | 1306.2 |
       Dungeon |   5225 |   5151 |     74 |   2524 |   1899 |   4 | 1306.2 |
               +--------+--------+--------+--------+--------+-----+--------+

Top non-repeatable levels by time:
     D:1: 1863 daAuts
     D:2: 1777 daAuts
     D:3: 1478 daAuts
     D:4: 106 daAuts
